 Dungeon Crawl Stone Soup version 0.31.0-4-g52a2dc7128 (webtiles) character file.

Game seed: 10129259049222475622

20528 boopmooplesden the Stickfighter (level 12, -4/111 HPs)
             Began as a Minotaur Gladiator on Jan 22, 2024.
             Was an Initiate of Trog.
             Slain by a death yak (15 damage)
             ... on level 1 of the Lair of Beasts.
             The game lasted 00:18:58 (14177 turns).

boopmooplesden the Stickfighter (MiGl)             Turns: 14177, Time: 00:18:58

Health: -4/111     AC: 14    Str: 24    XL:     12   Next: 46%
Magic:  11/11      EV: 30    Int:  5    God:    Trog [......]
Gold:   882        SH:  0    Dex: 15    Spells: 11/11 levels left

rFire   . . .        a - +1 quarterstaff (elec)
rCold   . . .        (shield currently unavailable)
rNeg    + . .        y - +1 ring mail "Sois" {Slay+5}
rPois   .            c - +0 hat
rElec   .            G - +0 cloak
rCorr   +            B - +1 pair of gloves of Dauqya {+Inv Will+}
SInv    .            F - +0 pair of boots
Will    +....        J - amulet of the acrobat
Stlth   ++           q - ring of resist corrosion
HPRegen 0.38/turn    D - ring "Xoarituf" {rN+ Dex+3}
MPRegen 0.12/turn

%: acrobat
@: about to teleport, acrobatic
A: horns 2, retaliatory headbutt
a: Renounce Religion, Evoke Invisibility


You were on level 1 of the Lair of Beasts.
You worshipped Trog.
Trog was noncommittal.
You visited 3 branches of the dungeon, and saw 13 of its levels.

You collected 882 gold pieces.

Inventory:

Hand Weapons
 a - a +1 quarterstaff of electrocution (weapon)
 C - the +1 short sword "Guigunym" {freeze, rPois rF+ rC++ Int-2}
   (You found it on level 7 of the Dungeon)

   Int-2:     It affects your intelligence (-2).
   rF+:       It protects you from fire.
   rC++:      It greatly protects you from cold.
   rPois:     It protects you from poison
Missiles
 e - 7 javelins
Armour
 b - a +0 leather armour
 c - a +0 hat (worn)
 f - a +1 pair of boots
 g - a +0 ring mail
 j - a +0 plate armour
 s - a +1 pair of gloves
 x - a scarf of invisibility
 y - the +1 ring mail "Sois" (worn) {Slay+5}
   (You found it on level 5 of the Dungeon)

   Slay+5:    It affects your accuracy & damage with ranged weapons and melee
   (+5).
 B - the +1 pair of gloves of Dauqya (worn) {+Inv Will+}
   (You acquired it on level 7 of the Dungeon)

   Will+:     It increases your willpower.
   +Inv:      It lets you turn invisible.
 F - a +0 pair of boots (worn)
 G - a +0 cloak (worn)
 Q - a +0 plate armour
 W - a +0 chain mail of cold resistance
 Y - the +3 ring mail of the Garden {Str+3}
   (You found it on level 11 of the Dungeon)

   Str+3:     It affects your strength (+3).
Jewellery
 q - a ring of resist corrosion (left hand)
 u - a ring of positive energy
 D - the ring "Xoarituf" (right hand) {rN+ Dex+3}
   (You found it on level 7 of the Dungeon)

   [ring of positive energy]

   Dex+3:     It affects your dexterity (+3).
   rN+:       It protects you from negative energy.
 J - an amulet of the acrobat (around neck)
 L - a +4 ring of protection
 P - a ring of protection from cold
 T - a ring of ice
 V - a +5 ring of evasion
Talismans
 o - a beast talisman
 z - a maw talisman
 X - a dragon-blood talisman
Wands
 t - a wand of polymorph (3)
 v - a wand of iceblast (4)
 A - a wand of digging (3)
 H - a wand of flame (32)
Scrolls
 l - 2 scrolls of poison
 m - a scroll of immolation
 n - 4 scrolls of teleportation
 E - a scroll of enchant weapon
 O - a scroll of fear
 R - a scroll of amnesia
 S - a scroll of enchant armour {unknown}
 Z - a scroll of identify
Potions
 h - 6 potions of attraction
 i - a potion of lignification
 k - 5 potions of might
 p - 6 potions of curing
 r - a potion of invisibility
 w - a potion of ambrosia
 K - a potion of cancellation
 M - a potion of enlightenment
 N - 3 potions of brilliance
 U - a potion of mutation {unknown}


   Skills:
 + Level 11.6 Fighting
 + Level 15.9 Staves
 + Level 3.0 Throwing
 + Level 11.3 Armour
 + Level 8.1 Dodging
 + Level 4.9 Stealth
 + Level 1.2 Evocations


You had 11 spell levels left.
You didn't know any spells.
Your spell library contained the following spells:

 Spells                   Type           Power      Damage    Failure   Level
 Apportation              Tloc           0%         N/A       58%         1
 Shock                    Conj/Air       0%         1d3       58%         1
 Sting                    Conj/Alch      0%         1d3       58%         1
 Call Imp                 Summ           0%         N/A       75%         2
 Mercury Vapours          Alch/Air       0%         N/A       75%         2
 Sublimation of Blood     Necr           0%         N/A       75%         2
 Swiftness                Air            0%         N/A       92%         3
 Airstrike                Air            0%         2d(0-16)  100%        4
 Manifold Assault         Tloc           0%         N/A       100%        4
 Olgreb's Toxic Radiance  Alch           0%         N/A       100%        4
 Vhi's Electric Charge    Tloc/Air       0%         N/A       100%        4
 Arcjolt                  Conj/Air       0%         1d10      100%        5
 Dispersal                Tloc           0%         N/A       100%        6
 Plasma Beam              Fire/Air       0%         2x1d10    100%        6
 Summon Hydra             Summ           0%         N/A       100%        7
 Disjunction              Tloc           0%         N/A       100%        8
 Maxwell's Capacitive Co  Air            0%         ∞         100%        8


Dungeon Overview and Level Annotations

Branches:
Dungeon (11/15)            Temple (1/1) D:7            Lair (1/5) D:9
    Orc (0/2) D:10

Altars:
Ashenzari
Cheibriados
Dithmenos
Elyvilon
Fedhas
Gozag
Hepliaklqana
Kikubaaqudgha
Makhleb
Nemelex Xobeh
Okawaru
Qazlal
Ru
Sif Muna
Trog
Uskayaw
Vehumet
Wu Jian
Xom
Yredelemnul
Zin
The Shining One

Shops:
D:9 [


Innate Abilities, Weirdness & Mutations

You have a pair of horns on your head.
You reflexively headbutt those who attack you in melee.


Message History

You hit the death yak.
You kill the death yak!
Trog accepts your kill.
You hit the death yak. You headbutt the death yak!
The death yak is lightly wounded.
You thump the death yak!
Lightning courses through the death yak!!
The death yak is heavily wounded.
The death yak gores you!!
You sock the death yak! Your headbutt misses the death yak.
The death yak is severely wounded.
You hit the death yak but do no damage. You headbutt the death yak!
The death yak is almost dead.
The death yak closely misses you.
You hit the death yak.
The death yak is almost dead.
The death yak gores you!
* * * LOW HITPOINT WARNING * * *
You feel much better. The death yak gores you!!
* * * LOW HITPOINT WARNING * * *
You sock the death yak! You headbutt the death yak.
The death yak is almost dead.
You hit the death yak.
The death yak is almost dead.
The death yak gores you.
* * * LOW HITPOINT WARNING * * *
You thump the death yak!
You kill the death yak!
Trog accepts your kill.
You hit the death yak. Your headbutt misses the death yak.
The death yak is lightly wounded.
The death yak gores you!!
* * * LOW HITPOINT WARNING * * *
Okay, then.
Okay, then.
As you read the scroll of teleportation, it crumbles to dust.
You feel strangely unstable. The death yak misses you.
The death yak attacks as it pursues you!
The death yak gores you!
You die...

####.# ####......P#
#.B# ..........P##
##†# .##.........
##Y# ##.#..#### #.Y#
########.## ##.##
#.#.####.# #..#
#........#
#.##########.#######
##...B†Y@.....##
#.############.# ###
###


You could see a death yak and a boulder beetle.

Vanquished Creatures
  A centaur warrior (D:9)
  3 two-headed ogres
  Erica (D:8)
  8 death yaks
  Pikel (D:7)
  2 cyclopes (D:11)
  A gargoyle (D:10)
  2 unseen horrors
  A cane toad (Lair:1)
  A komodo dragon (Lair:1)
  A kobold demonologist (D:11)
  A troll (D:9)
  3 hornets
  A blink frog (Lair:1)
  A shadow (D:10)
  3 wyverns
  15 yaks
  Menkaure (D:4)
  3 steam dragons
  3 water moccasins
  2 orc warriors
  3 sky beasts
  2 ice beasts
  5 wolves (Lair:1)
  5 ogres
  6 centaurs
  A phantom (D:5)
  2 kobold brigands (D:7)
  2 gnoll sergeants (D:8)
  4 bullfrogs
  4 scorpions
  A water moccasin zombie (D:4)
  A burial acolyte (D:8)
  13 wights
  18 killer bees
  The ghost of SnakkuSnakku7 the Trooper, a weakling MfEE (D:4)
  6 electric eels (D:5)
  6 howler monkeys
  5 orc priests
  2 hounds
  A bombardier beetle (D:4)
  A gnoll bouda (D:7)
  4 jellies
  3 iguanas
  A sleepcap (D:5)
  Terence (D:3)
  8 orc wizards
  14 gnolls
  2 adders
  6 white imps
  2 ufetubi (D:5)
  3 adder zombies (D:8)
  3 dart slugs
  34 orcs
  7 endoplasms
  6 giant cockroaches
  5 goblins
  9 hobgoblins
  2 jackals (D:5)
  21 kobolds
  7 quokkas
  9 ball pythons
  4 bats
  2 frilled lizards (D:2)
  A jackal zombie (D:8)
  4 rats
302 creatures vanquished.

Notes
Turn   | Place    | Note
-------+----------+-------------------------------------------
     0 | D:1      | boopmooplesden the Minotaur Gladiator began the quest for
                  | the Orb.
     0 | D:1      | Reached XP level 1. HP: 18/18 MP: 0/0
   316 | D:1      | Found a faded altar of an unknown god.
   332 | D:1      | Got Plato's Codex of the Wayfarer
   596 | D:1      | Reached XP level 2. HP: 22/25 MP: 1/1
  1077 | D:2      | Reached skill level 4 in Staves
  1480 | D:2      | Reached XP level 3. HP: 30/30 MP: 2/2
  1570 | D:2      | Identified the +0 leather armour "Ycoa" {rElec rN+ Regen+
                  | Stlth-}
  2464 | D:3      | Reached skill level 5 in Staves
  2464 | D:3      | Reached skill level 1 in Armour
  2464 | D:3      | Reached XP level 4. HP: 7/38 MP: 3/3
  2679 | D:3      | Noticed Terence
  2693 | D:3      | Killed Terence
  2909 | D:4      | Reached XP level 5. HP: 41/45 MP: 4/4
  2925 | D:4      | Found a runed translucent door.
  2934 | D:4      | Noticed SnakkuSnakku7's ghost (weakling MfEE)
  2947 | D:4      | Reached skill level 6 in Staves
  3000 | D:4      | Noticed an ogre
  3010 | D:4      | Killed an ogre
  3097 | D:4      | Noticed Menkaure
  3106 | D:4      | Killed Menkaure
  3107 | D:4      | Reached skill level 7 in Staves
  3107 | D:4      | Reached XP level 6. HP: 51/51 MP: 5/5
  3234 | D:4      | Found a blossoming altar of Fedhas.
  3343 | D:4      | Reached XP level 7. HP: 44/58 MP: 6/6
  3418 | D:4      | Reached skill level 1 in Stealth
  3862 | D:4      | Reached skill level 8 in Staves
  4058 | D:4      | Killed SnakkuSnakku7's ghost
  4136 | D:5      | Entered Level 5 of the Dungeon
  4509 | D:5      | Reached skill level 5 in Armour
  4523 | D:5      | Identified the +1 ring mail "Sois" {Slay+5}
  4610 | D:5      | Reached XP level 8. HP: 66/67 MP: 7/7
  4789 | D:5      | Reached skill level 5 in Fighting
  4809 | D:5      | Reached skill level 9 in Staves
  4819 | D:5      | Noticed a hornet
  4831 | D:5      | Paralysed by a hornet for 2 turns
  4837 | D:5      | Killed a hornet
  5898 | D:6      | Reached skill level 10 in Staves
  6114 | D:6      | Reached skill level 1 in Evocations
  6119 | D:6      | Reached XP level 9. HP: 75/75 MP: 8/8
  6630 | D:7      | Reached skill level 5 in Dodging
  6811 | D:7      | Reached skill level 11 in Staves
  7141 | D:7      | Noticed Pikel
  7163 | D:7      | Killed Pikel
  7605 | D:7      | Reached skill level 12 in Staves
  7706 | D:7      | Reached XP level 10. HP: 84/88 MP: 9/9
  7857 | D:7      | HP: 3/88 [something (6)]
  8057 | D:7      | Identified the +1 short sword "Guigunym" {freeze, rPois rF+
                  | rC++ Int-2}
  8061 | D:7      | Identified the ring "Xoarituf" {rN+ Dex+3}
  8190 | D:7      | Found a staircase to the Ecumenical Temple.
  8405 | D:7      | Found a hide-covered altar of Uskayaw.
  8902 | D:7      | Identified a scroll of acquirement
  8902 | D:7      | Acquired the +1 pair of gloves of Dauqya {+Inv Will+}
  9142 | D:8      | Reached skill level 13 in Staves
  9172 | D:8      | Noticed a two-headed ogre
  9190 | D:8      | Killed a two-headed ogre
  9336 | D:8      | Noticed Erica
  9346 | D:8      | Killed Erica
  9603 | D:8      | Noticed a two-headed ogre
  9611 | D:8      | Killed a two-headed ogre
  9612 | D:8      | Reached XP level 11. HP: 73/95 MP: 10/10
  9764 | D:8      | Found an ancient bone altar of Kikubaaqudgha.
 10017 | D:9      | Noticed a death yak
 10022 | D:9      | Noticed a death yak
 10022 | D:9      | Noticed a death yak
 10030 | D:9      | Killed a death yak
 10047 | D:9      | Killed a death yak
 10048 | D:9      | Reached skill level 14 in Staves
 10059 | D:9      | Killed a death yak
 10063 | D:9      | Found a staircase to the Lair.
 10163 | D:9      | Noticed a centaur warrior
 10178 | D:9      | Killed a centaur warrior
 10630 | D:9      | Found Dyexziuz's Armour Emporium.
 11032 | D:10     | Entered Level 10 of the Dungeon
 11186 | D:10     | Reached skill level 10 in Fighting
 11262 | D:10     | Found a staircase to the Orcish Mines.
 11263 | D:10     | Noticed a two-headed ogre
 11281 | D:10     | Killed a two-headed ogre
 11561 | D:10     | Reached skill level 15 in Staves
 11700 | D:10     | Found a basalt altar of Yredelemnul.
 11700 | D:10     | Found a shimmering blue altar of Sif Muna.
 11700 | D:10     | Found a sacrificial altar of Ru.
 11700 | D:10     | Found a burning altar of Makhleb.
 11783 | D:10     | Found a stormy altar of Qazlal.
 11783 | D:10     | Found a white marble altar of Elyvilon.
 12605 | D:11     | Reached skill level 10 in Armour
 12775 | D:11     | Identified the +3 ring mail of the Garden {Str+3}
 12956 | D:11     | Reached XP level 12. HP: 80/108 MP: 11/11
 13219 | Temple   | Entered the Ecumenical Temple
 13227 | Temple   | Became a worshipper of Trog the Wrathful
 13316 | Lair:1   | Entered Level 1 of the Lair of Beasts
 13350 | Lair:1   | Noticed a death yak
 13815 | Lair:1   | Killed a death yak
 14125 | Lair:1   | Noticed a death yak
 14126 | Lair:1   | Noticed a boulder beetle
 14126 | Lair:1   | Noticed a death yak
 14127 | Lair:1   | Noticed a death yak
 14127 | Lair:1   | Noticed a death yak
 14129 | Lair:1   | Noticed a death yak
 14139 | Lair:1   | Killed a death yak
 14160 | Lair:1   | Killed a death yak
 14165 | Lair:1   | Killed a death yak
 14174 | Lair:1   | Killed a death yak
 14177 | Lair:1   | Slain by a death yak

Illustrated notes

Levels and vault maps discovered:
D:1:      nagdon_arrival_double_spiral, layout_basic,
          shapermc_ecumenical_altar_rom_forum, minmay_gold_behind_fungi,
          minmay_misc_feat_x
D:2:      minmay_general_purpose_star, layout_basic, minivault_19,
          chequers_big_river, dk_noncrumbling_2, serial_bayou_lagoon_b
D:3:      layout_rooms, uniq_terence
D:4:      cheibrodos_helix_gallery, layout_loops_corners,
          fedhas_altar_decomposition, ebering_ghost_sewer_d, uniq_menkaure
D:5:      cheibrodos_two_vegetables, layout_basic, dreamdust_wishing_well
D:6:      layout_loops_ring, chequers_serial_rivers_small_a
D:7:      minmay_thinvault, layout_layer_cave, nicolae_uskayaw_dance_studio,
          minmay_temple_entry_proselytizer, uniq_pikel
D:8:      layout_cave_pools, lemuel_zombie_altar_kikubaaqudgha,
          serial_column_ruins, column_ruins_square_large, column_ruins_grid_1,
          column_ruins_corridor_straight, column_ruins_open_small,
          column_ruins_columns_straight, column_ruins_columns_straight,
          minmay_fractal_squares_diagonal_5, uniq_erica
D:9:      layout_cave_pods, dpeg_lair_monsters, serial_shops,
          nicolae_shop_tiny_statue_garden
D:10:     layout_loops_ring, minmay_overflow_temple_hex, david_orc_3
D:11:     layout_irregular_city, marbit_kobold_abyssish
Temple:   dshaligram_water_room_temple
Lair:1:   layout_loops_ring, guppyfry_lair_drakes, lemuel_fruit_fields,
          lemuel_fruit_fields

Skill      XL: |  1  2  3  4  5  6  7  8  9 10 11 12 |
---------------+-------------------------------------+-----
Staves         | 4 5 7 8 10 12 13 15 | 15.9
Fighting       | 3 4 6 7 8 10 11 | 11.6
Armour         | 1 3 5 7 9 10 11 | 11.3
Stealth        | 1 2 3 4 |  4.9
Dodging        | 4 5 6 7 8 |  8.1
Evocations     | 1 |  1.2
Throwing       | 3 |  3.0

Action                     |  1- 3 |  4- 6 |  7- 9 | 10-12 || total
---------------------------+-------+-------+-------+-------++-------
  Melee: Quarterstaff      |   102 |    55 |   262 |   417 ||   836
         Headbutt          |    11 |    12 |    47 |    99 ||   169
  Throw: Throwing net      |       |     5 |     5 |     2 ||    12
  Evoke: Wand              |       |       |     6 |       ||     6
    Use: Scroll            |     2 |     3 |     6 |    13 ||    24
         Potion            |       |       |     4 |     2 ||     6
   Stab: Held in net/web   |       |     2 |     2 |     3 ||     7
         Sleeping          |       |       |       |     1 ||     1
         Distracted        |       |       |       |     1 ||     1
 Armour: Plate armour      |    99 |    48 |   100 |       ||   247
         Leather armour    |     7 |       |       |       ||     7
         Ring mail         |       |       |   153 |   255 ||   408
  Dodge: Dodged            |    38 |    23 |   124 |   252 ||   437
